 Dungeon Crawl Stone Soup version 0.31-a0-479-g91c9547 (webtiles) character file.

Game seed: 6494799048678683235

6061 Dorkslayer the Cleaver (level 10, -2/63 HPs)
             Began as a Gargoyle Fighter on Aug 6, 2023.
             Was a Believer of Okawaru.
             Slain by a slime creature (12 damage)
             ... on level 10 of the Dungeon.
             The game lasted 00:27:29 (7935 turns).

Dorkslayer the Cleaver (Gargoyle Fighter)           Turns: 7935, Time: 00:27:30

Health: -2/63      AC: 39    Str: 24    XL:     10   Next: 87%
Magic:  10/10      EV:  5    Int: 11    God:    Okawaru [**....]
Gold:   623        SH:  7    Dex: 19    Spells: 9/9 levels left

rFire   . . .        a - +0 war axe
rCold   + . .        c - +1 buckler
rNeg    + + .        q - +9 crystal plate armour of the Armoured One {rN+ Int+2 Dex+4}
rPois   ∞            (no helmet)
rElec   +            (no cloak)
rCorr   .            h - +1 pair of gloves
SInv    .            z - +0 pair of boots
Will    .....        G - amulet of the acrobat Stlth
                     b - +6 ring of dexterity
HPRegen 0.30/turn    j - ring of protection from cold
MPRegen 0.12/turn

%: acrobat
@: no status effects
A: sickness immunity, AC +7, negative energy resistance 1, electricity
resistance, torment resistance 1, petrification resistance
a: Renounce Religion, Heroism


You were on level 10 of the Dungeon.
You worshipped Okawaru.
Okawaru was pleased with you.
You visited 2 branches of the dungeon, and saw 11 of its levels.

You collected 754 gold pieces.
You spent 131 gold pieces at shops.

Inventory:

Hand Weapons
 a - a +0 war axe (weapon)
Missiles
 s - 3 boomerangs
 v - 3 throwing nets
 F - 3 javelins (quivered)
 H - 6 silver javelins
Armour
 c - a +1 buckler (worn)
 h - a +1 pair of gloves (worn)
 q - the +9 crystal plate armour of the Armoured One (worn) {rN+ Int+2 Dex+4}
   (You found it on level 6 of the Dungeon)

   Int:       It affects your intelligence (+2).
   Dex:       It affects your dexterity (+4).
   rN:        It protects you from negative energy.
 z - a +0 pair of boots (worn)
Jewellery
 b - a +6 ring of dexterity (left hand)
 j - a ring of protection from cold (right hand)
 t - a ring of willpower
 G - an amulet of the acrobat (around neck)
Wands
 m - a wand of polymorph (9)
 r - a wand of paralysis (7)
 y - a wand of mindburst (17)
Scrolls
 g - 4 scrolls of fear
 n - 2 scrolls of immolation
 w - a scroll of revelation
 x - 5 scrolls of teleportation
Potions
 d - a potion of magic {unknown}
 f - a potion of mutation
 i - 3 potions of enlightenment
 k - a potion of berserk rage
 l - a potion of ambrosia {unknown}
 p - a potion of curing
 u - a potion of degeneration {unknown}
 B - a potion of haste
 C - a potion of brilliance
 E - a potion of invisibility {unknown}


   Skills:
 + Level 7.2 Fighting
 + Level 9.4 Axes
 + Level 1.2 Throwing
 * Level 8.0 Armour
 + Level 2.1 Dodging
 + Level 1.5 Stealth
 + Level 6.0 Shields
 * Level 5.8 Evocations


You had 9 spell levels left.
You didn't know any spells.
Your spell library contained the following spells:

 Spells                   Type           Power      Damage    Failure   Level
 Static Discharge         Conj/Air       0%         2-2/arc   100%        2
 Airstrike                Air            0%         2d(0-16)  100%        4
 Summon Lightning Spire   Summ/Air       Unusable   N/A       N/A         4

Dungeon Overview and Level Annotations

Branches:
Dungeon (10/15)            Temple (1/1) D:7            Lair (0/5) D:9
    Orc: D:9-12

Altars:
Ashenzari
Cheibriados
Dithmenos
Elyvilon
Fedhas
Gozag
Hepliaklqana
Kikubaaqudgha
Makhleb
Nemelex Xobeh
Okawaru
Qazlal
Ru
Sif Muna
Trog
Uskayaw
Vehumet
Wu Jian
Xom
Yredelemnul
Zin
The Shining One

Shops:
D:2 *(   D:9 *(


Innate Abilities, Weirdness & Mutations

You are immune to sickness and miasma.
Your stone body is resilient. (AC +7)
You are immune to poison.
You resist negative energy. (rN+)
You are resistant to electric shocks. (rElec)
You are resistant to unholy torment.
You are immune to petrification.


Message History

F - 2 javelins (gained 1)
F - 3 javelins (gained 1)
A slime creature comes into view.
Found a stone staircase leading down.
The slime creature quivers.
The slime creature moves out of view.
Found 15 gold pieces.
You see here a scroll of immolation.
n - 2 scrolls of immolation (gained 1)
Found a leather armour.
You slash the slime creature!
The slime creature is lightly wounded.
The slime creature hits you but does no damage.
You completely miss the slime creature.
The slime creature is lightly wounded.
You block the slime creature's attack.
You slash the slime creature!
The slime creature is moderately wounded.
The slime creature hits you but does no damage.
You hit the slime creature.
The slime creature is moderately wounded.
The slime creature hits you but does no damage.
You slice the slime creature!!
The slime creature is heavily wounded.
The slime creature barely misses you.
You hit the slime creature.
The slime creature is severely wounded.
The slime creature hits you!
* * * LOW HITPOINT WARNING * * *
You hit the slime creature.
The slime creature is severely wounded.
The slime creature closely misses you.
You hit the slime creature.
The slime creature is severely wounded.
The slime creature barely misses you.
You hit the slime creature.
The slime creature is almost dead.
The slime creature hits you but does no damage.
The slime creature hits you!
You die...

..###.#
#>.....$.
#......
[.....
.....
###..####
#....J..#
#....@..#
#.......#
#.......#
#.......#
#...))..#
#.<.))..#
#.......#
###.....#
#...).#


You could see a slime creature.

Vanquished Creatures
  A troll (D:7)
  5 slime creatures (D:10)
  3 yaks (D:9)
  A shadow (D:9)
  2 chaos spawn (D:8)
  A steam dragon (D:9)
  2 wargs (D:9)
  A water moccasin (D:7)
  3 orc warriors
  2 ice beasts (D:6)
  A black bear (D:6)
  2 ogres
  2 centaurs
  A phantom (D:5)
  7 bullfrogs
  4 scorpions
  3 gnoll sergeants
  4 wights
  A killer bee (D:7)
  4 howler monkeys
  4 gnoll boudas
  6 orc priests
  3 hounds
  3 jellies
  3 sleepcaps
  Terence (D:3)
  5 iguanas
  9 orc wizards
  31 gnolls
  8 adders
  2 shadow imps
  3 white imps
  An ufetubus (D:7)
  A worm (D:4)
  3 dart slugs
  31 orcs
  8 endoplasms
  8 giant cockroaches
  5 goblins
  8 hobgoblins
  4 jackals (D:1)
  9 kobolds
  4 quokkas
  3 training dummies (D:9)
  4 ball pythons
  12 bats
  3 frilled lizards
  7 rats
239 creatures vanquished.

Notes
Turn   | Place    | Note
-------+----------+-------------------------------------------
     0 | D:1      | Dorkslayer the Gargoyle Fighter began the quest for the
                  | Orb.
     0 | D:1      | Reached XP level 1. HP: 14/14 MP: 1/1
   117 | D:1      | Reached XP level 2. HP: 18/19 MP: 2/2
   258 | D:1      | Reached skill level 2 in Axes
   370 | D:1      | Reached XP level 3. HP: 23/23 MP: 3/3
   669 | D:2      | Found Macius's General Store.
   675 | D:2      | Bought a potion of heal wounds for 55 gold pieces
   759 | D:2      | Reached skill level 1 in Dodging
   970 | D:2      | Found Pealac's Antique Weapon Shop.
  1018 | D:2      | Reached XP level 4. HP: 28/29 MP: 4/4
  1112 | D:2      | Found a faded altar of an unknown god.
  1455 | D:3      | Noticed Terence
  1465 | D:3      | Killed Terence
  1466 | D:3      | Reached skill level 3 in Axes
  1489 | D:3      | Reached XP level 5. HP: 33/33 MP: 5/5
  1718 | D:3      | Reached XP level 6. HP: 29/38 MP: 6/6
  2190 | D:3      | Upgraded the game from 0.31-a0-473-g61b50ae to
                  | 0.31-a0-479-g91c9547
  2211 | D:3      | Found a glowing golden altar of the Shining One.
  2675 | D:4      | Found a sparkling altar of Nemelex Xobeh.
  2696 | D:4      | Reached skill level 4 in Axes
  2989 | D:4      | Reached skill level 1 in Evocations
  3011 | D:4      | Reached XP level 7. HP: 29/44 MP: 7/7
  3233 | D:5      | Entered Level 5 of the Dungeon
  3249 | D:5      | Reached skill level 5 in Axes
  3526 | D:5      | Reached skill level 5 in Fighting
  3535 | D:5      | Found a shimmering altar of Xom.
  3536 | D:5      | Found a shimmering altar of Xom.
  3543 | D:5      | Found a shimmering altar of Xom.
  3545 | D:5      | Found a shimmering altar of Xom.
  3556 | D:5      | Reached XP level 8. HP: 42/49 MP: 8/8
  3586 | D:5      | Reached skill level 1 in Stealth
  4101 | D:6      | Identified the +9 crystal plate armour of the Armoured One
                  | {rN+ Int+2 Dex+4}
  4152 | D:6      | Reached skill level 5 in Armour
  4554 | D:6      | Reached skill level 6 in Axes
  4874 | D:7      | Reached XP level 9. HP: 55/55 MP: 9/9
  4952 | D:7      | Found an iron altar of Okawaru.
  5250 | D:7      | Reached skill level 7 in Axes
  5733 | D:7      | Found a staircase to the Ecumenical Temple.
  5742 | Temple   | Entered the Ecumenical Temple
  5944 | D:7      | Noticed a troll
  5958 | D:7      | Killed a troll
  5959 | D:7      | Reached skill level 5 in Shields
  5997 | D:8      | Reached skill level 8 in Axes
  6078 | D:8      | Reached XP level 10. HP: 56/61 MP: 10/10
  6232 | D:8      | Found a shimmering altar of Xom.
  6232 | D:8      | Found the +7 mace of Variability {chaos, chaos arc}
  6262 | D:8      | Reached skill level 5 in Evocations
  6576 | D:8      | Found an ancient bone altar of Kikubaaqudgha.
  6728 | D:8      | Found a hazy altar of Hepliaklqana.
  6728 | D:8      | Found a burning altar of Makhleb.
  6824 | D:7      | Identified the +2 robe of Qoiv {rCorr Str-2 Int+5 SInv}
  6829 | D:7      | Became a worshipper of Warmaster Okawaru
  6897 | D:9      | Found an opulent altar of Gozag.
  7323 | D:9      | Found Xeupla's Firing Range.
  7327 | D:9      | Bought a throwing net for 42 gold pieces
  7393 | D:9      | Found a staircase to the Lair.
  7421 | D:9      | Reached * piety under Okawaru
  7424 | D:9      | Reached skill level 9 in Axes
  7683 | D:9      | Found Miedghoud's Assorted Antiques.
  7697 | D:9      | Reached skill level 1 in Throwing
  7702 | D:9      | Bought a scroll of identify for 34 gold pieces
  7888 | D:10     | Entered Level 10 of the Dungeon
  7908 | D:10     | Reached ** piety under Okawaru
  7935 | D:10     | Slain by a slime creature

Illustrated notes

Levels and vault maps discovered:
D:1:      minmay_arrival_doors, layout_rooms, hex_tiny, due_unseen_surprise
D:2:      layout_loops_corners, dilly_ecumenical_altar_fadedgnrine,
          serial_shops, shop, nicolae_shop_stone
D:3:      minmay_recursive_quarters, layout_loops_ring, tso_metal_star,
          minmay_quadrilaterals, uniq_terence
D:4:      layout_cave_pools, old_standard_altar, minivault_5
D:5:      layout_rooms, xom_redecorated, minmay_fountain_box, st_stairs_14
D:6:      layout_gridville
D:7:      layout_loops_corners, nicolae_overflow_hidden_temple,
          minmay_temple_entry_poolview, minmay_joined_circles
D:8:      layout_basic, lemuel_round_altar, gammafunk_temple_overflow_pools,
          hangedman_decor_riveting, minmay_guarded_unrand_variability
D:9:      layout_cave_pods, grunt_gozag_statues, erik_lair_orcish_takeover,
          serial_shops, nicolae_shop_gibbet_a_chance, dreamdust_wishing_well,
          nicolae_shop_firing_range
D:10:     layout_rooms, kennysheep_kite_vault
Temple:   jpeg_temple_clearing

Skill      XL: |  1  2  3  4  5  6  7  8  9 10 |
---------------+-------------------------------+-----
Axes           | 2 3 4 5 6 8 9 |  9.4
Dodging        | 1 2 |  2.1
Armour         | 4 5 7 8 |  8.0
Fighting       | 4 5 6 7 |  7.2
Evocations     | 1 2 3 4 5 |  5.8
Shields        | 4 5 6 |  6.0
Stealth        | 1 |  1.5
Throwing       | 1 |  1.2

Action                     |  1- 3 |  4- 6 |  7- 9 | 10-12 || total
---------------------------+-------+-------+-------+-------++-------
  Melee: War axe           |   110 |   164 |   326 |   194 ||   794
  Throw: Javelin           |       |       |     3 |     9 ||    12
         Boomerang         |       |       |       |     8 ||     8
  Evoke: Wand              |       |       |     1 |       ||     1
    Use: Scroll            |     2 |     5 |     4 |     3 ||    14
         Potion            |       |       |     1 |     5 ||     6
   Stab: Distracted        |       |       |     1 |       ||     1
         Paralysed         |       |       |     1 |       ||     1
 Armour: Chain mail        |    79 |    91 |    80 |       ||   250
         Scale mail        |     1 |       |       |       ||     1
         Crystal plate arm |       |       |   226 |   178 ||   404
  Dodge: Dodged            |    46 |    63 |    94 |    50 ||   253
  Block: Buckler           |    22 |    35 |   120 |    77 ||   254

Table legend: (Time is in decaauts)
 A = Elapsed time spent in this place.
 B = Non-inter-level travel time spent in this place.
 C = Inter-level travel time spent in this place.
 D = Time resting spent in this place.
 E = Time spent auto-exploring this place.
 F = Levels seen in this place.
 G = Mean time per level.
                   A        B        C        D        E       F      G
               +--------+--------+--------+--------+--------+-----+--------+
         Total |   8119 |   8119 |      0 |    123 |   3632 |  11 |  738.1 |
       Dungeon |   8095 |   8095 |      0 |    123 |   3632 |  10 |  809.5 |
        Temple |     23 |     23 |      0 |      0 |      0 |   1 |   23.0 |
               +--------+--------+--------+--------+--------+-----+--------+

Top non-repeatable levels by time:
     D:3: 1241 daAuts
     D:7: 1202 daAuts
     D:9: 1026 daAuts
     D:5: 890 daAuts
     D:8: 879 daAuts
     D:2: 840 daAuts
     D:6: 707 daAuts
     D:4: 643 daAuts
     D:1: 614 daAuts
    D:10: 49 daAuts
  Temple: 23 daAuts
